Map: Deathaura LE

Players

Reynor - Winner!

  • Race: Zerg Zerg
  • Spawn Location: 5:00

Ragnarok (SHIN)

  • Race: Zerg Zerg
  • Spawn Location: 11:00

Event: War Chest Team League

VOD

Have the link to the VOD?

Description

Time

  • Played on: July 31, 2020, 12:01 p.m.
  • Length: 8:17
Show
View Real Time Build Order
Export as new Build Order

Reynor Zerg - Winner!

Build Orders: Hatch First 

Get SALT Encoding   

  12  0:00  Drone  
  13  0:12  Overlord  
  13  0:16  Drone  
  14  0:30  Drone x2  
  16  0:47  Hatchery  
  15  0:51  Drone  
  15  0:53  Drone  
  17  0:57  Drone  
  18  1:08  Extractor  
  17  1:13  Spawning Pool  
  17  1:15  Drone  
  17  1:19  Drone  
  18  1:27  Drone  
  19  1:38  Drone  
  20  1:49  Drone  
  21  1:59  Overlord  
  21  2:00  Zergling x2, Queen x2  
  26  2:10  Metabolic Boost  
  26  2:11  Drone x2  
  28  2:21  Zergling x4  
  30  2:33  Zergling x2  
  30  2:34  Drone  
  34  2:40  Baneling Nest  
  31  2:45  Drone x2  
  33  2:55  Hatchery  
  32  2:59  Overlord  
  32  3:00  Drone  
  32  3:05  Zergling x4  
  35  3:09  Zergling x2  
  36  3:17  Zergling x8  
  40  3:20  Zergling x2  
  40  3:22  Zergling x2  
  42  3:27  Overlord  
  42  3:30  Baneling  
  42  3:31  Baneling x3  
  42  3:33  Zergling x2  
  43  3:37  Drone  
  43  3:40  Baneling  
  44  3:45  Drone  
  44  3:46  Drone x3  
  44  3:48  Zergling x2  
  49  3:51  Zergling x2  
  49  3:53  Drone  
  47  4:03  Drone x2  
  49  4:10  Drone x2  
  49  4:12  Drone x2  
  49  4:13  Drone x2  
  55  4:21  Drone x3  
  55  4:22  Queen  
  55  4:23  Zergling x4  
  54  4:25  Zergling x2  
  52  4:32  Lair  
  52  4:33  Zergling x2  
  52  4:37  Zergling x4  
  55  4:41  Evolution Chamber, Drone x2  
  56  4:47  Roach Warren  
  56  4:48  Drone  
  56  4:50  Drone  
  56  4:51  Drone  
  58  4:55  Extractor x2, Overlord, Drone  
  58  4:57  Drone  
  58  5:03  Overlord  
  58  5:07  Zerg Missile Weapons Level 1  
  58  5:16  Drone x5  
  58  5:17  Drone x2  
  65  5:21  Queen  
  65  5:23  Zergling x4  
  65  5:31  Drone x3  
  65  5:32  Overlord  
  68  5:36  Extractor, Drone x3  
  68  5:37  Extractor, Glial Reconstitution  
  68  5:39  Drone x2  
  68  5:40  Drone  
  68  5:41  Overlord  
  72  5:43  Drone  
  73  5:50  Overlord  
  73  5:53  Roach x2  
  77  6:01  Roach x5  
  86  6:06  Roach  
  93  6:11  Roach x4  
  93  6:16  Baneling x3  
  95  6:19  Roach  
  95  6:21  Overlord  
  95  6:23  Overlord  
  97  6:29  Overlord  
  98  6:33  Roach  
  98  6:36  Overlord  
  98  6:40  Roach  
  98  6:41  Roach x3  
  98  6:43  Overlord  
  98  6:46  Roach x4  
  114  6:48  Overlord  
  114  6:52  Roach x2  
  118  6:57  Overlord  
  118  6:58  Roach  
  118  7:00  Roach  
  120  7:07  Roach x3  
  120  7:08  Roach x3  
  132  7:11  Roach x2  
  132  7:16  Ravager  
  132  7:17  Zergling x4, Roach x2  
  132  7:21  Overlord  
  139  7:23  Roach  
  139  7:24  Roach  
  141  7:33  Roach x2  
  141  7:34  Ravager  
  141  7:35  Roach  
  144  7:40  Zergling x8, Roach x2  
  158  7:44  Roach  
  158  7:46  Roach  
  158  7:48  Roach  
  156  7:54  Roach  
  156  7:55  Zergling x2  
  156  8:00  Spore Crawler  
  156  8:02  Hydralisk Den  
Show
View Real Time Build Order
Export as new Build Order

Ragnarok Zerg 

Build Orders: 3 Hatch before Pool 

Get SALT Encoding   

  12  0:01  Drone  
  13  0:12  Overlord  
  13  0:17  Drone  
  14  0:31  Drone x2  
  16  0:48  Hatchery  
  15  0:52  Drone  
  15  0:56  Drone  
  17  0:59  Drone  
  18  1:18  Hatchery  
  17  1:21  Drone  
  18  1:28  Extractor  
  17  1:36  Spawning Pool  
  17  1:39  Drone  
  17  1:42  Drone  
  17  1:45  Drone  
  19  1:53  Drone  
  21  2:01  Drone  
  21  2:08  Drone  
  22  2:12  Drone  
  23  2:23  Queen x2  
  27  2:30  Queen  
  27  2:32  Zergling x2  
  27  2:34  Metabolic Boost  
  30  2:38  Drone  
  30  2:43  Overlord  
  31  2:46  Drone  
  31  2:48  Drone  
  33  2:57  Zergling x2, Baneling Nest  
  33  2:58  Zergling x2  
  34  3:06  Zergling x4  
  34  3:11  Drone x3  
  39  3:19  Overlord  
  39  3:20  Zergling x4  
  41  3:41  Baneling x3  
  40  3:42  Baneling, Zergling x16  
  40  3:48  Baneling x2  
  48  3:55  Drone  
  49  4:02  Baneling  
  44  4:04  Drone x4  
  44  4:05  Drone x2  
  44  4:06  Drone  
  44  4:08  Drone x2  
  44  4:09  Drone  
  50  4:18  Drone  
  50  4:19  Drone  
  50  4:22  Zergling x2, Drone  
  50  4:24  Drone  
  49  4:25  Drone  
  49  4:29  Zergling x4  
  49  4:36  Evolution Chamber  
  48  4:39  Zergling x2  
  48  4:40  Extractor  
  48  4:41  Zergling x2  
  48  4:45  Overlord  
  49  4:57  Lair  
  49  4:59  Overlord  
  49  5:04  Drone x9  
  58  5:10  Overlord  
  57  5:18  Zergling x2  
  57  5:19  Drone x5  
  62  5:24  Extractor x2  
  62  5:27  Zergling x2, Drone  
  62  5:28  Drone  
  61  5:32  Drone x2  
  63  5:38  Zerg Melee Weapons Level 1  
  63  5:39  Roach Warren  
  63  5:42  Baneling x2  
  62  5:44  Drone x3  
  62  5:48  Zergling x4  
  67  5:59  Zergling x14  
  74  6:06  Spire  
  74  6:10  Drone  
  74  6:12  Overlord x3  
  74  6:16  Extractor x2  
  72  6:21  Drone x2  
  73  6:29  Overlord  
  73  6:32  Roach x7  
  85  6:33  Roach  
  85  6:35  Roach  
  85  6:39  Roach  
  89  6:43  Roach x2  
  89  6:44  Zergling x2  
  93  6:59  Drone x2  
  84  7:17  Mutalisk x7  
  84  7:19  Zergling x2, Roach x2  
  84  7:20  Zergling x2, Roach  
  105  7:28  Mutalisk  
  105  7:29  Zergling x8  
  101  7:30  Zergling x4  
  101  7:31  Zergling x2  
  101  7:36  Mutalisk  
  100  7:37  Zergling x2  
  100  7:42  Mutalisk  
  100  7:43  Zergling x2  
  100  7:44  Zergling x2  
  90  7:45  Zergling x4  
  90  7:48  Mutalisk  
  76  7:56  Zergling x4  
  77  8:04  Drone x2  
Tags
 
Add a new tag
Caveats
  • Supply blocks, unpowered buildings, or Contaminate may cause inaccurate times.
  • Supply counts are checked every 10 seconds.